Map: Submarine LE

Players

A.I. 1 (Very Easy) - Winner!

  • Race: Protoss Protoss
  • Spawn Location: 11:00

HuShang

  • Race: Protoss Protoss
  • League: Master
  • Spawn Location: 5:00

VOD

Have the link to the VOD?

Description

Time

  • Played on: Jan. 5, 2021, 2:51 p.m.
  • Length: 5:17
Show
View Real Time Build Order
Export as new Build Order

A.I. 1 (Very Easy) Protoss - Winner!

Build Orders: 1 Gate Expand, Nexus First 

Get SALT Encoding   

  12  0:00  Probe  
  13  0:13  Probe  
  14  0:19  Pylon  
  14  0:43  Gateway  
  14  1:00  Nexus  
  14  1:19  Pylon  
  14  1:21  Zealot  
  14  1:23  Assimilator  
  16  1:37  Cybernetics Core, Probe  
  17  1:50  Probe  
  18  2:00  Probe  
  18  2:01  Assimilator  
  18  2:07  Stalker  
  18  2:08  Probe  
  22  2:16  Probe  
  22  2:21  Probe  
  23  2:27  Warp Gate  
  24  2:30  Probe  
  25  2:38  Probe  
  26  2:45  Probe  
  26  2:46  Assimilator  
  26  2:48  Pylon  
  27  2:53  Probe  
  28  3:00  Probe  
  29  3:07  Probe  
  29  3:11  Robotics Facility  
  30  3:14  Probe  
  31  3:20  Probe  
  32  3:27  Probe, Zealot  
  35  3:38  Probe  
  36  3:45  Probe  
  37  3:53  Probe  
  38  3:58  Observer  
  38  4:00  Probe  
  40  4:07  Probe  
  41  4:12  Observer  
  41  4:14  Probe  
  42  4:18  Assimilator  
  42  4:21  Probe  
  40  4:29  Probe  
  40  4:30  Immortal  
  39  4:32  Pylon  
  39  4:36  Probe  
  34  4:50  Probe  
  23  4:57  Probe  
  22  5:04  Probe  
Show
View Real Time Build Order
Export as new Build Order

HuShang Protoss 

Build Orders: Oracle Opening 

Get SALT Encoding   

  12  0:00  Probe  
  13  0:12  Probe  
  14  0:17  Pylon  
  14  0:24  Probe  
  15  0:36  Probe (Chrono Boost)  
  15  0:37  Gateway  
  16  0:43  Assimilator  
  16  0:49  Probe (Chrono Boost)  
  17  0:51  Assimilator  
  17  0:54  Probe (Chrono Boost)  
  18  1:03  Probe (Chrono Boost)  
  19  1:10  Gateway  
  19  1:15  Probe (Chrono Boost)  
  20  1:20  Probe (Chrono Boost)  
  20  1:24  Cybernetics Core  
  21  1:29  Probe  
  22  1:35  Pylon  
  22  1:41  Probe  
  23  1:58  Warp Gate (Chrono Boost)  
  23  2:01  Adept x2  
  27  2:07  Pylon  
  27  2:16  Stargate  
  27  2:31  Adept x2  
  31  2:49  Nexus  
  31  2:59  Oracle (Chrono Boost)  
  31  3:05  Pylon  
  34  3:10  Adept  
  36  3:17  Adept  
  38  3:27  Oracle  
  38  3:32  Probe  
  42  3:44  Probe  
  43  3:52  Pylon  
  43  3:55  Adept x2  
  45  4:00  Probe  
  45  4:01  Probe  
  49  4:12  Probe (Chrono Boost)  
  49  4:14  Probe (Chrono Boost)  
  49  4:16  Robotics Facility  
  51  4:22  Probe x2 (Chrono Boost)  
  53  4:27  Probe x2 (Chrono Boost)  
  55  4:39  Probe x2  
  57  4:51  Probe  
  57  4:52  Probe  
  59  4:57  Assimilator, Twilight Council  
  59  5:01  Shield Battery  
  59  5:02  Pylon  
  59  5:03  Sentry, Probe, Stalker  
  59  5:04  Probe  
Tags
 
Add a new tag
Caveats
  • Supply blocks, unpowered buildings, or Contaminate may cause inaccurate times.
  • Supply counts are checked every 10 seconds.